AoeStats
← _Orca_

MegaRandom

509097686Analyzed
2v2 RM · 6d ago on Sep 25, 2026· 39m 12s· 4 players
Game mode
Random Map
Map size
Medium (4 player)
Population
200
Speed
Normal
Resources
Standard
Victory
Conquest
Starting age
Dark Age
Ending age
Imperial Age
RankedLock teamsTeams togetherTeam positionsShared explorationLock speedFull tech treeHidden civsTurbo modeCheats
Victory
Defeat
🇹🇷 Varangians · Türkiye
1520
+13
🇨🇦 Britons · Canada
1360
+19
🇧🇩 Saxons · Bangladesh
1444
-16
🇨🇳 Spanish · China
1421
-15
无助小羊
6:47 Loom
8:57 Feudal Age
13:04 Castle Age
18:34 Padded Archer Armor
20:34 Leather Archer Armor
25:07 Husbandry
26:03 Bloodlines
28:50 Double-Bit Axe
39:16 Wheelbarrow
_Orca_
5:21 Loom
7:46 Feudal Age
11:28 Fletching
19:37 Wheelbarrow
24:43 Castle Age
23:08 Double-Bit Axe
23:05 Horse Collar
23:46 Gold Mining
23:57 Padded Archer Armor
24:44 Crossbowman
25:28 Bodkin Arrow
26:50 Ballistics
27:13 Bow Saw
29:03 Hand Cart
28:33 Town Watch
28:40 Pikeman
29:21 Squires
36:46 Thumb Ring
zizu
4:13 Loom
9:12 Feudal Age
10:46 Double-Bit Axe
13:06 Castle Age
11:29 Horse Collar
14:44 Light Cavalry
20:27 Bow Saw
22:38 Heavy Plow
23:30 Fletching
23:39 Town Watch
24:53 Wheelbarrow
24:57 Gold Mining
25:34 Husbandry
26:20 Bloodlines
26:12 Padded Archer Armor
27:00 Ballistics
26:51 Bodkin Arrow
27:29 Leather Archer Armor
29:46 Hand Cart
33:32 Imperial Age
32:36 Coinage
34:02 Stone Mining
34:14 Bracer
35:15 Chemistry
33:40 Cranequins
34:28 Heavy Mounted Crossbowman
35:53 Banking
38:51 Ring Archer Armor
Jaha
8:05 Feudal Age
8:31 Town Watch
8:46 Double-Bit Axe
12:35 Horse Collar
12:58 Fletching
15:49 Gold Mining
16:47 Loom
23:39 Castle Age
38:15 Wheelbarrow
37:58 Bow Saw
38:12 Bodkin Arrow
38:33 Padded Archer Armor
38:55 Elite Skirmisher
Connection lost

Rejoining the realm…

Still unreachable

The connection could not be restored.

Session expired

The server has moved on; the page needs a fresh start.